 Dungeon Crawl Stone Soup version 0.27.1-3-gb3d3a73c9e (webtiles) character file.

Game seed: 3497304676642866736

147 Descartes the Covert (level 5, -4/27 HPs)
             Began as a Spriggan Delver on Oct 18, 2021.
             Killed from afar by an orc wizard (13 damage)
             ... with a puff of flame
             ... on level 4 of the Dungeon.
             The game lasted 00:02:04 (794 turns).

Descartes the Covert (Spriggan Delver)               Turns: 794, Time: 00:02:04

Health: -4/27      AC:  2    Str:  9    XL:     5   Next: 7%
Magic:  6/6        EV: 18    Int: 12    God:
Gold:   88         SH:  0    Dex: 16    Spells: 4/4 levels left

rFire    . . .     SeeInvis +   a - +0 short sword
rCold    . . .     Faith    .   (shield restricted)
rNeg     . . .     Spirit   .   b - +0 robe
rPois    .         Reflect  .   (helmet restricted)
rElec    .         Harm     .   (no cloak)
rCorr    .         Rampage  .   (gloves unavailable)
Will     .....                  (boots unavailable)
Stlth    ++++......             (no amulet)
HPRegen  0.09/turn              (no ring)
MPRegen  0.10/turn              (no ring)

@: very quick
A: very small, no large weapons, unfitting armour, see invisible, speed 3
a: no special abilities


You were on level 4 of the Dungeon.
You visited 2 branches of the dungeon, and saw 3 of its levels.

You collected 88 gold pieces.

Inventory:

Hand Weapons
 a - a +0 short sword (weapon)
Missiles
 h - 41 stones (quivered)
 i - 35 arrows
 k - 2 throwing nets
Armour
 b - a +0 robe (worn)
Wands
 g - a wand of digging (3)
 l - a wand of paralysis (7)
 p - a wand of polymorph (8)
Scrolls
 c - a scroll of fog
 d - a scroll of magic mapping
 e - a scroll of fear
 j - a scroll of enchant weapon {unknown}
 m - a scroll of enchant armour {unknown}
Potions
 f - a potion of haste
 n - a potion of lignification {unknown}
 o - a potion of curing {unknown}


   Skills:
 - Level 2.4 Fighting
 + Level 3.4 Short Blades
 + Level 4.2 Dodging
 * Level 9.1 Stealth


You had 4 spell levels left.
You didn't know any spells.
Your spell library was empty.

Dungeon Overview and Level Annotations

Branches:
Dungeon (5/15)             Temple (1/1) D:5

Altars:
Elyvilon
Fedhas
Hepliaklqana
Makhleb
Nemelex Xobeh
Okawaru
Ru
Vehumet
Zin

Annotations:
D:5 Prince Ribbit


Innate Abilities, Weirdness & Mutations

You are very small and have problems with some larger weapons.
You are too small for most types of armour.
You have supernaturally acute eyesight. (SInv)
You cover ground extremely quickly. (Speed+++)


Message History

The orc is heavily wounded.
The orc barely misses you.
You barely miss the orc.
The orc is heavily wounded.
You hit the orc wizard.
The orc wizard is lightly wounded.
You hit the orc wizard.
The orc wizard is heavily wounded.
The orc wizard closely misses you.
You hit the orc wizard.
The orc wizard is heavily wounded.
The orc wizard hits you with a +0 dagger.
You closely miss the orc wizard.
The orc wizard is heavily wounded.
The orc wizard hits you but does no damage.
You barely miss the orc wizard.
The orc wizard is heavily wounded.
The orc wizard closely misses you.
You barely miss the orc wizard.
The orc wizard is heavily wounded.
The orc wizard completely misses you.
You barely miss the orc wizard.
The orc wizard is heavily wounded.
The orc wizard barely misses you.
You hit the orc wizard but do no damage.
The orc wizard is heavily wounded.
The orc wizard hits you with a +0 dagger.
You hit the orc wizard.
The orc wizard is severely wounded.
The orc wizard closely misses you.
You hit the orc wizard but do no damage.
The orc wizard is severely wounded.
You closely miss the orc wizard.
The orc wizard is severely wounded.
The orc wizard misses you.
You hit the orc wizard.
The orc wizard is severely wounded.
The orc wizard casts a spell at you. The puff of flame hits you!
You die...

.. ##### ##.## ....
...S #..# #..# #..###
##..#### #.... ...... #
#..######..######
#.#####....@ooo........
#.......######.....####
####.#### ##...##
#####.##### ##.##
#.........# .#
#.###.###.# .# #.###.#
.# +# #.##..###.##
#.#........#


You could see an orc wizard (invisible) and 2 orcs.

Vanquished Creatures
  A scorpion (D:5)
  A hound (D:4)
  A jelly (D:5)
  A hound skeleton (D:5)
  An ufetubus (D:5)
  2 orcs (D:4)
  An endoplasm (D:4)
8 creatures vanquished.

Notes
Turn   | Place    | Note
-------+----------+-------------------------------------------
     0 | D:5      | Descartes the Spriggan Delver began the quest for the Orb.
     0 | D:5      | Reached XP level 1. HP: 11/11 MP: 2/2
    57 | D:5      | Noticed a scorpion
    61 | D:5      | Found a staircase to the Ecumenical Temple.
    69 | Temple   | Entered the Ecumenical Temple
   243 | D:5      | Killed a scorpion
   244 | D:5      | Reached skill level 8 in Stealth
   244 | D:5      | Reached XP level 2. HP: 16/16 MP: 3/3
   244 | D:5      | Reached XP level 3. HP: 19/19 MP: 4/4
   374 | D:5      | Reached XP level 4. HP: 15/23 MP: 5/5
   638 | D:5      | Noticed Prince Ribbit
   700 | D:4      | Reached skill level 9 in Stealth
   700 | D:4      | Reached XP level 5. HP: 24/27 MP: 6/6
   794 | D:4      | Killed from afar by an orc wizard

Illustrated notes

Levels and vault maps discovered:
D:4:      layout_loops_corners, nicolae_sif_muna_little_library,
          mainiacjoe_overflow_paths
D:5:      layout_layer_cave, minmay_temple_entry_junction, uniq_prince_ribbit1
Temple:   compressed_dpeg_triangle_lava_temple

Skill      XL: |  1  2  3  4 |
---------------+-------------+-----
Short Blades   | 3 |  3.4
Dodging        | 3 4 |  4.2
Stealth        | 8 9 |  9.1
Fighting       | |  2.4

Action                   |  1- 3 |  4- 6 || total
-------------------------+-------+-------++-------
Melee: Short sword       |    18 |    37 ||    55
 Stab: Sleeping          |     2 |     1 ||     3
Armor: Robe              |       |     3 ||     3
Dodge: Dodged            |    15 |    29 ||    44
